 Dungeon Crawl Stone Soup version 0.20.1-1-g8b1a95d (webtiles) character file.

3014 Elemorej the Cleaver (level 9, -2/78 HPs)
             Began as a Minotaur Fighter on Aug 30, 2017.
             Was a Follower of Trog.
             Slain by a two-headed ogre
             ... wielding a +0 giant club
              (19 damage)
             ... on level 8 of the Dungeon.
             The game lasted 01:03:15 (4966 turns).

Elemorej the Cleaver (Minotaur Fighter)             Turns: 4966, Time: 01:03:17

Health: -2/78      AC: 18    Str: 23    XL:     9   Next: 55%
Magic:  8/8        EV:  7    Int:  2    God:    Trog [*.....]
Gold:   189        SH: 12    Dex: 18    Spells: 8/8 levels left

rFire    . . .     SeeInvis .   E - +8 long sword of Twilight {distort, +Rage rN+ Int-4 Stlth+}
rCold    . . .     Gourm    +   c - +0 shield
rNeg     + . .     Faith    .   D - +0 plate armour
rPois    .         Spirit   .   (helmet restricted)
rElec    .         Reflect  .   C - +1 cloak
rCorr    .         Harm     .   H - +0 pair of gloves {Dex+3}
MR       .....                  (no boots)
Stlth    ..........             k - amulet of the gourmand
Regen    0.3/turn               q - +3 ring of dexterity
MPRegen  0.2/turn               b - +2 ring of strength

@: lethally poisoned (-2 -> -5), about to teleport
A: retaliatory headbutt, horns 2, molten scales 1, sturdy frame 1
a: Berserk, Burn Spellbooks, Renounce Religion, Evoke Berserk Rage


You were on level 8 of the Dungeon.
You worshipped Trog.
Trog was aware of your devotion.
You were very full.

You visited 2 branches of the dungeon, and saw 9 of its levels.

You collected 414 gold pieces.
You spent 225 gold pieces at shops.

Inventory:

Hand Weapons
 a - a +1 war axe
 t - a +2 short sword of protection
 y - a +1 mace of protection
 z - a +1 mace of draining
 E - the +8 long sword of Twilight (weapon) {distort, +Rage rN+ Int-4 Stlth+}
   (You found it on level 5 of the Dungeon)

   It warps and distorts space around it.
   Unwielding it can cause banishment or high damage.
   It affects your intelligence (-4).
   It protects you from negative energy.
   It lets you go berserk.
   It makes you more stealthy.
Missiles
 i - 7 javelins (quivered)
Armour
 c - a +0 shield (worn)
 n - the +2 cloak of Coronation {rPois, unknown}
   (You found it on level 7 of the Dungeon)

   It protects you from poison.
 C - a +1 cloak (worn)
 D - a +0 plate armour (worn)
 H - a +0 pair of gloves of dexterity (worn)
Jewellery
 b - a +2 ring of strength (right hand)
 k - an amulet of the gourmand (around neck)
 q - a +3 ring of dexterity (left hand)
 s - an uncursed ring of wizardry {unknown}
 w - an uncursed ring of see invisible {unknown}
Scrolls
 g - 3 scrolls of remove curse
 l - a scroll of recharging {unknown}
 m - 2 scrolls of enchant weapon
 p - a scroll of summoning {unknown}
 r - 2 scrolls of fog
 v - 2 scrolls of teleportation
 B - a scroll of vulnerability {unknown}
 I - a scroll of silence {unknown}
Potions
 d - 4 potions of might
 e - 5 potions of flight
 o - a potion of berserk rage {unknown}
 u - 2 potions of lignification {unknown}
 x - a potion of magic
 G - a potion of haste {unknown}
 J - a potion of agility {unknown}
Comestibles
 f - 8 bread rations
 h - 6 meat rations
 j - 7 royal jellies
 A - 4 chunks of flesh


   Skills:
 + Level 6.8 Fighting
 + Level 3.9 Long Blades
 + Level 10.4 Axes
 + Level 0.6 Throwing
 + Level 7.1 Armour
 + Level 1.6 Dodging
 + Level 0.6 Stealth
 + Level 8.1 Shields


You had 8 spell levels left.
You didn't know any spells.

Dungeon Overview and Level Annotations

Branches:
Dungeon (8/15)             Temple (1/1) D:7
   Lair: D:8-11

Altars:
Ashenzari
Cheibriados
Dithmenos
Elyvilon
Fedhas
Gozag
Hepliaklqana
Kikubaaqudgha
Makhleb
Nemelex Xobeh
Okawaru
Qazlal
Ru
Sif Muna
Trog
Uskayaw
Vehumet
Xom
Yredelemnul
Zin
The Shining One

Shops:
D:5 [


Innate Abilities, Weirdness & Mutations

You reflexively headbutt those who attack you in melee.
You have a pair of horns on your head.
You are partially covered in molten scales. (AC +2)
Your movements are slightly less encumbered by armour. (ER -2)


Message History

You kill the orc priest!
Trog accepts your kill.
The quokka bites you but does no damage.
The orc warrior hits you with a dire flail!
* * * LOW HITPOINT WARNING * * *
The orc hits you but does no damage.
You block the two-headed ogre's attack. x2
The quokka bites you but does no damage.
You block the orc warrior's attack.
As you read the scroll of teleportation, it crumbles to dust.
You feel strangely unstable.
You feel sick. You block the orc's attack. You block the quokka's attack.
The two-headed ogre hits you but does no damage. x2
You hit the orc warrior but do no damage.
You headbutt the orc warrior.
The orc warrior is heavily wounded.
The orc warrior blinks!
The orc warrior throws a tomahawk.
You block the tomahawk. You block the quokka's attack.
The orc hits you but does no damage.
The two-headed ogre hits you with a giant club!!
You die...

#...# #...###..
#....##......o.
#............>.
#..(.........#
#..........
#....... #.roo#
#.)@# #.O##
#..# #..# #..#
#..# #..# #...
#...


You could see a two-headed ogre, an orc warrior, 2 orcs and a quokka.

Vanquished Creatures
  The ghost of feelmyfire the Grappler, a novice DrGl (D:6)
  A human (D:7)
  3 hogs (D:7)
  An orc warrior (D:7)
  2 ice beasts
  2 black bears (D:6)
  4 ogres
  A phantom (D:6)
  A crocodile (D:7)
  A bullfrog (D:6)
  A jelly (D:6)
  A crimson imp (D:7)
  4 hounds
  2 orc priests
  3 orc wizards
  Crazy Yiuf (D:3)
  Ijyb (D:3)
  Jessica (D:3)
  Terence (D:3)
  An iguana (D:4)
  5 worker ants
  A killer bee zombie (D:8)
  A hound zombie (D:5)
  3 gnolls (D:4)
  9 adders
  An adder skeleton (D:4)
  2 worms
  A dart slug (D:3)
  5 leopard geckos
  14 orcs
  2 ball pythons
  8 giant cockroaches
  16 goblins
  2 hobgoblins
  11 jackals
  6 quokkas
  8 bats
  6 frilled lizards
  11 kobolds
  A quokka zombie (D:5)
  5 rats
151 creatures vanquished.

Vanquished Creatures (others)
  A steam dragon (D:7)
  A crimson imp (D:7)
2 creatures vanquished.

Grand Total: 153 creatures vanquished

Notes
Turn   | Place    | Note
-------+----------+-------------------------------------------
     0 | D:1      | Elemorej the Minotaur Fighter began the quest for the Orb.
     0 | D:1      | Reached XP level 1. HP: 19/19 MP: 0/0
   205 | D:1      | Reached XP level 2. HP: 27/27 MP: 1/1
   486 | D:2      | Found a burning altar of Makhleb.
   492 | D:2      | Reached skill level 3 in Axes
   492 | D:2      | Reached XP level 3. HP: 28/33 MP: 2/2
   740 | D:2      | Reached XP level 4. HP: 39/40 MP: 3/3
  1276 | D:2      | Gained mutation: You are partially covered in molten scales. (AC +2) [potion of mutation]
  1276 | D:2      | Gained mutation: Your movements are slightly less encumbered by armour. (ER -2) [potion of mutation]
  1343 | D:3      | Reached skill level 4 in Axes
  1406 | D:3      | Noticed an ogre
  1422 | D:3      | HP: 2/40 [ogre/giant club (17)]
  1423 | D:3      | Noticed Terence
  1738 | D:3      | Killed an ogre
  1738 | D:3      | Reached skill level 1 in Dodging
  1738 | D:3      | Reached skill level 5 in Shields
  1738 | D:3      | Reached XP level 5. HP: 31/46 MP: 4/4
  1764 | D:3      | Noticed Ijyb
  1792 | D:3      | Killed Ijyb
  1806 | D:3      | Reached skill level 5 in Axes
  1900 | D:3      | Killed Terence
  1900 | D:3      | Reached XP level 6. HP: 50/53 MP: 5/5
  1911 | D:3      | Noticed Jessica
  1918 | D:3      | Killed Jessica
  1999 | D:3      | Found a runed door.
  2003 | D:3      | Noticed Crazy Yiuf
  2009 | D:3      | Killed Crazy Yiuf
  2294 | D:4      | Reached skill level 6 in Axes
  2397 | D:4      | Reached XP level 7. HP: 60/60 MP: 6/6
  2402 | D:4      | Reached skill level 5 in Armour
  2454 | D:4      | Reached skill level 5 in Fighting
  2454 | D:4      | Reached skill level 7 in Axes
  2772 | D:5      | Entered Level 5 of the Dungeon
  2899 | D:5      | Got a crude long sword
  2900 | D:5      | Identified the +8 long sword of Twilight {distort, +Rage rN+ Int-4 Stlth+} (You found it on level 5 of the Dungeon)
  2907 | D:5      | Found Ossuyb's Antique Armour Shoppe.
  2950 | D:5      | Found a bloodstained altar of Trog.
  2960 | D:5      | Became a worshipper of Trog the Wrathful
  3242 | D:5      | Bought a pair of embroidered gloves for 225 gold pieces
  3313 | D:6      | Noticed feelmyfire's ghost (novice DrGl)
  3313 | D:6      | Reached XP level 8. HP: 69/70 MP: 7/7
  3336 | D:6      | Killed feelmyfire's ghost
  3336 | D:6      | Reached skill level 8 in Axes
  3528 | D:6      | Reached skill level 9 in Axes
  3529 | D:6      | Reached * piety under Trog
  4196 | D:7      | Found a staircase to the Ecumenical Temple.
  4201 | Temple   | Entered the Ecumenical Temple
  4288 | D:7      | Reached XP level 9. HP: 78/78 MP: 8/8
  4445 | D:7      | Reached skill level 10 in Axes
  4507 | D:7      | Got a faintly humming cloak
  4858 | D:7      | Reached skill level 1 in Long Blades
  4931 | D:8      | Noticed a two-headed ogre
  4957 | D:8      | Noticed a two-headed ogre
  4966 | D:8      | Slain by a two-headed ogre

Skill      XL: |  1  2  3  4  5  6  7  8  9 |
---------------+----------------------------+-----
Fighting       | 4 5 6 |  6.8
Axes           | 3 4 5 6 7 9 10 | 10.4
Armour         | 4 5 6 7 |  7.1
Shields        | 4 5 6 7 8 |  8.1
Dodging        | 1 |  1.6
Long Blades    | 3 |  3.9
Throwing       | |  0.6
Stealth        | |  0.6

Action                   |  1- 3 |  4- 6 |  7- 9 || total
-------------------------+-------+-------+-------++-------
Melee: War axe           |    80 |   141 |   120 ||   341
       Headbutt          |    13 |    26 |    46 ||    85
       Long sword        |       |       |    50 ||    50
Throw: Javelin           |       |       |     1 ||     1
  Use: Scroll            |     5 |    11 |     5 ||    21
       Potion            |       |     4 |       ||     4
  Eat: Chunk             |     2 |    12 |     9 ||    23
Armor: Scale mail        |    43 |    47 |       ||    90
       Chain mail        |       |    23 |     7 ||    30
       Plate armour      |       |       |    68 ||    68
Dodge: Dodged            |    27 |    34 |    47 ||   108
Block: Shield            |    61 |    77 |   104 ||   242
       Rpst.: Long sword |       |       |     5 ||     5
